 Dungeon Crawl Stone Soup version 0.22-a0-605-g9281fa2 (webtiles) character file.

102 EuclidGuy the Ruffian (level 4, -2/37 HPs)
             Began as a Draconian Transmuter on July 8, 2018.
             Was a Follower of Yredelemnul.
             Slain by an orc
             ... wielding a +0 short sword
              (4 damage)
             ... on level 3 of the Dungeon.
             The game lasted 00:14:50 (2091 turns).

EuclidGuy the Ruffian (Draconian Transmuter)        Turns: 2091, Time: 00:14:50

Health: -2/37      AC:  5    Str: 13    XL:     4   Next: 50%
Magic:  7/7        EV: 13    Int: 13    God:    Yredelemnul [*.....]
Gold:   118        SH:  0    Dex: 12    Spells: 6/7 levels left

rFire    . . .     SeeInvis .   i - +2 dagger (venom)
rCold    . . .     Gourm    .   (no shield)
rNeg     . . .     Faith    .   (armour unavailable)
rPois    .         Spirit   .   (helmet restricted)
rElec    .         Reflect  .   (no cloak)
rCorr    .         Harm     .   (no gloves)
MR       .....                  (no boots)
Stlth    +.........             (no amulet)
HPRegen  0.12/turn              (no ring)
MPRegen  0.10/turn              (no ring)

@: lethally poisoned (-2 -> -4)
A: unfitting armour, cold-blooded, AC +5
a: Animate Remains, Renounce Religion


You were on level 3 of the Dungeon.
You worshipped Yredelemnul.
Yredelemnul was aware of your devotion.
You were very hungry.

You visited 1 branch of the dungeon, and saw 3 of its levels.

You collected 118 gold pieces.

Inventory:

Hand Weapons
 i - a +2 dagger of venom (weapon)
 l - a +0 spear
Missiles
 a - 12 arrows
 d - 26 poisoned needles (quivered)
 h - 6 poisoned tomahawks
Scrolls
 e - 7 scrolls of teleportation {unknown}
 f - 2 scrolls of identify {unknown}
 j - a scroll of amnesia {unknown}
 m - a scroll of fog {unknown}
 n - a scroll of enchant armour {unknown}
 o - a scroll of remove curse {unknown}
Potions
 b - a potion of might {unknown}
 g - a potion of heal wounds {unknown}
 k - a potion of flight {unknown}
Comestibles
 c - 2 rations


   Skills:
 + Level 2.4 Fighting
 + Level 2.6 Dodging
 - Level 3.6 Unarmed Combat
 - Level 2.0 Spellcasting
 * Level 3.0 Transmutations


You had 6 spell levels left.
You knew the following spells:

 Your Spells              Type           Power        Failure   Level  Hunger
a - Beastly Appendage     Tmut           #.....       8%          1    ##.....

Your spell library contained the following spells:

 Spells                   Type           Power        Failure   Level  Hunger
 Spider Form              Tmut/Pois      #.........   38%         3    ####...
 Blade Hands              Tmut           #.........   90%         5    ######.
 Ice Form                 Ice/Tmut       #.......     80%         4    #####..
 Sticks to Snakes         Tmut           #.......     11%         2    ###....


Dungeon Overview and Level Annotations

Branches:
Dungeon (3/15)

Altars:
Elyvilon
Hepliaklqana
Yredelemnul
The Shining One


Innate Abilities, Weirdness & Mutations

Your plain brown scales are hard. (AC +5)
You cannot fit into any form of body armour.
You are cold-blooded and may be slowed by cold attacks.


Message History

You barely miss the orc.
Your tail-slap misses the orc.
Your punch misses the orc.
The orc is heavily wounded.
You hit the orc.
You kill the orc!
Yredelemnul accepts your kill.
You feel sick. The orc closely misses you.
You closely miss the orc.
Your tail-slap misses the orc.
The orc hits you with a short sword.
* * * LOW HITPOINT WARNING * * *
You closely miss the orc.
Your tail-slap misses the orc.
* * * LOW HITPOINT WARNING * * *
You feel sick. The orc barely misses you.
Okay, then.
You attempt to give life to the dead...
There are no remains here to animate!
You hit the orc. You tail-slap the orc.
The orc is almost dead.
The orc hits you with a short sword.
You die...
Your body rises from the dead as a mindless zombie.

#.....
..#####......#
######
#............#
#............#
#.........).
..........
......# #.†..#
#.@).# ##o###
#)#######
#........
#........
#........
#........
#........
#........


You could see an orc.

Vanquished Creatures
  An orc wizard (D:3)
  3 adders
  A worm (D:2)
  3 dart slugs
  2 leopard geckos
  An orc (D:3)
  2 giant cockroaches
  7 goblins
  2 hobgoblins (D:2)
  2 jackals (D:1)
  5 kobolds
  4 bats
  A frilled lizard (D:2)
  7 rats
41 creatures vanquished.

Notes
Turn   | Place    | Note
-------+----------+-------------------------------------------
     0 | D:1      | EuclidGuy the Draconian Transmuter began the quest for the Orb.
     0 | D:1      | Reached XP level 1. HP: 16/16 MP: 3/3
   685 | D:1      | Reached XP level 2. HP: 20/23 MP: 3/5
  1422 | D:2      | Found a faded altar of an unknown god.
  1471 | D:2      | Reached XP level 3. HP: 29/29 MP: 6/6
  1557 | D:2      | Found a white marble altar of Elyvilon.
  1797 | D:2      | Found a glowing golden altar of the Shining One.
  1814 | D:2      | Became a worshipper of the Shining One
  1975 | D:2      | Found a hazy altar of Hepliaklqana.
  2037 | D:2      | Fell from the grace of the Shining One
  2037 | D:2      | Became a worshipper of Yredelemnul the Dark
  2037 | D:2      | Reached * piety under Yredelemnul
  2067 | D:3      | Reached XP level 4. HP: 19/36 MP: 7/7
  2091 | D:3      | Slain by an orc

Vault maps used:
D:1:      shiori_shiawase
D:2:      lemuel_round_altar, marbit_many_paths, elyvilon_altar_3,
          chequers_ecumenical_altar_simple, kennysheep_nondescript,
          glass_columns_a
D:3:      grunt_qazlal_sundering

Skill      XL: |  1  2  3  4 |
---------------+-------------+-----
Dodging        | 2 |  2.6
Fighting       | 2 |  2.4
Transmutations | 3 |  3.0
Unarmed Combat | |  3.6
Spellcasting   | |  2.0

Action                   |  1- 3 |  4- 6 || total
-------------------------+-------+-------++-------
Melee: Unarmed           |    22 |       ||    22
       Tailslap          |    11 |     1 ||    12
       Kick              |     3 |       ||     3
       Dagger            |    78 |    23 ||   101
       Headbutt          |     3 |       ||     3
 Cast: Beastly Appendage |    15 |       ||    15
  Eat: Chunk             |     3 |       ||     3
Armor: Skin              |    44 |    13 ||    57
Dodge: Dodged            |    92 |    26 ||   118

Table legend:
 A = Spawn XP
 B = Non-spawn XP
 C = Spawn XP percentage of total XP
 D = Spawn monster count
 E = Non-spawn monster count
 F = Spawn count percentage of total count
 G = Total turns spent on level
                    A         B        C        D         E        F      G
               +---------+---------+-------+---------+---------+-------+---------
         Total |       0 |     147 |   0.0 |       0 |      41 |   0.0 |  2091
               +---------+---------+-------+---------+---------+-------+---------
           D:1 |       0 |      38 |   0.0 |       0 |      20 |   0.0 |  1401
           D:2 |       0 |      39 |   0.0 |       0 |      14 |   0.0 |   647
           D:3 |       0 |      70 |   0.0 |       0 |       7 |   0.0 |    43
               +---------+---------+-------+---------+---------+-------+---------
